 Dungeon Crawl Stone Soup version 0.31-a0-1176-gb7303255ee (webtiles) character file.

Game seed: 2724431835473072450

121 Malachi the Trooper (level 4, -11/37 HPs)
             Began as an Armataur Fighter on Dec 11, 2023.
             Was a Believer of Dithmenos.
             Mangled by an iguana (13 damage)
             ... on level 4 of the Dungeon.
             The game lasted 00:02:27 (1823 turns).

Malachi the Trooper (Armataur Fighter)              Turns: 1823, Time: 00:02:27

Health: -11/37     AC:  6    Str: 23    XL:     4   Next: 76%
Magic:  4/4        EV:  5    Int:  8    God:    Dithmenos [**....]
Gold:   162        SH: 13    Dex: 10    Spells: 3/3 levels left

rFire   + . .        a - +0 flail
rCold   . . .        h - +2 tower shield
rNeg    . . .        b - +0 scale mail
rPois   .            (no helmet)
rElec   .            e - scarf {harm}
rCorr   .            (no gloves)
SInv    .            (no barding)
Will    .....        (no amulet) Stlth
                     k - ring of protection from fire
HPRegen 0.26/turn    (no ring)
MPRegen 0.09/turn

%: harm (+30% outgoing, +20% incoming), roll
@: wreathed by umbra
A: large, deformed body, tough skin 3, armoured tail, roll 1, long tongue
a: Renounce Religion, Shadow Step


You were on level 4 of the Dungeon.
You worshipped Dithmenos.
Dithmenos was pleased with you.
You visited 1 branch of the dungeon, and saw 4 of its levels.

You collected 162 gold pieces.

Inventory:

Hand Weapons
 a - a +0 flail (weapon)
Armour
 b - a +0 scale mail (worn)
 c - a +0 buckler
 e - a scarf of harm (worn)
 h - a +2 tower shield (worn)
Jewellery
 k - a ring of protection from fire (left hand)
Scrolls
 f - 2 scrolls of teleportation
 i - 2 scrolls of revelation
 m - a scroll of poison
 n - a scroll of enchant weapon
 o - a scroll of vulnerability
 p - a scroll of butterflies
 r - 2 scrolls of fog
 t - a scroll of silence {unknown}
Potions
 d - 3 potions of might
 g - 2 potions of lignification {unknown}
 j - a potion of cancellation {unknown}
 l - 3 potions of curing {unknown}
 q - 2 potions of degeneration {unknown}
 s - a potion of enlightenment {unknown}
 u - a potion of brilliance {unknown}


   Skills:
 + Level 4.0 Fighting
 + Level 3.4 Maces & Flails
 - Level 3.6 Armour
 - Level 3.2 Shields


You had 3 spell levels left.
You didn't know any spells.
Your spell library contained the following spells:

 Spells                   Type           Power      Damage    Failure   Level
 Slow                     Hex            0%         N/A       100%        1
 Confusing Touch          Hex            0%         N/A       100%        3
 Sigil of Binding         Hex            0%         N/A       100%        3
 Vampiric Draining        Necr           0%         2d6       100%        3
 Iskenderun's Battlesphe  Conj           0%         2d6       100%        5
 Bombard                  Conj/Erth      0%         9d1       100%        6
 Spellforged Servitor     Conj/Summ      0%         N/A       100%        7


Dungeon Overview and Level Annotations

Branches:
Dungeon (4/15)
 Temple: D:4-7

Altars:
Dithmenos

Shops:
D:2 :


Innate Abilities, Weirdness & Mutations

Armour fits poorly on your strangely shaped body.
You have extremely tough skin. (AC +3)
You have a long armoured tail.
You roll when moving toward enemies. (Rampage)
Your long tongue fully drains potion bottles. (2x potion effects)


Message History

You block the hound's attack.
You miss the hound. You block the hound's attack.
The hound bites you but does no damage.
You closely miss the hound. The hound bites you. You block the hound's attack.
You block the iguana's attack. The hound bites you but does no damage.
You sock the phantom!
The phantom is moderately damaged.
The hound bites you. You block the iguana's attack.
You block the phantom's attack. You block the hound's attack.
You block the iguana's attack.
The phantom hits you but does no damage.
You closely miss the phantom.
The phantom is moderately damaged.
The hound barely misses you. You block the iguana's attack.
The phantom hits you. The hound bites you but does no damage.
You sock the phantom!
The phantom is severely damaged.
You block the hound's attack. You block the iguana's attack.
The phantom hits you but does no damage.
The hound bites you but does no damage. The phantom barely misses you.
The iguana barely misses you. The hound bites you but does no damage.
You hit the phantom but do no damage.
The phantom is severely damaged.
The hound bites you.
The iguana bites you but does no damage.
The phantom hits you. The hound bites you.
You are too injured to fight recklessly!
You are too injured to fight recklessly!
You are too injured to fight recklessly!
You are too injured to fight recklessly!
You see here a hobgoblin corpse.
You are too injured to fight recklessly!
You are too injured to fight recklessly!
You are too injured to fight recklessly!
You hit the iguana.
The iguana is moderately wounded.
The iguana bites you!
* * * LOW HITPOINT WARNING * * *
The iguana bites you!
You die...

########.
#........
#.######.
#.....#..
###.......#
#<..####.##
#....###.# .
####.@.#.###...
###l#......#
#hW.#
###......#
.#....# .. #..#
... .# ...# #
....


You could see a phantom, an iguana and a hound.

Vanquished Creatures
  Jessica (D:2)
  3 adders (D:3)
  4 worms
  2 dart slugs
  An orc (D:3)
  6 bats
  5 endoplasms
  2 giant cockroaches
  4 goblins
  6 hobgoblins
  2 jackals (D:3)
  4 kobolds
  A quokka (D:3)
  2 ball pythons
  5 frilled lizards
  3 rats
51 creatures vanquished.

Notes
Turn   | Place    | Note
-------+----------+-------------------------------------------
     0 | D:1      | Malachi the Armataur Fighter began the quest for the Orb.
     0 | D:1      | Reached XP level 1. HP: 17/17 MP: 1/1
    70 | D:1      | Reached skill level 3 in Fighting
    70 | D:1      | Reached XP level 2. HP: 21/24 MP: 2/2
   383 | D:2      | Found Qinlead's Book Boutique.
   568 | D:2      | Reached XP level 3. HP: 28/29 MP: 3/3
   723 | D:2      | Noticed Jessica
   727 | D:2      | Killed Jessica
   930 | D:2      | Found a faded altar of an unknown god.
   937 | D:2      | Prayed at the altar of an unknown god.
   937 | D:2      | Became a worshipper of Dithmenos the Shadowed
   937 | D:2      | Reached * piety under Dithmenos
  1038 | D:3      | Reached XP level 4. HP: 37/37 MP: 4/4
  1443 | D:3      | Reached skill level 4 in Fighting
  1450 | D:3      | Reached ** piety under Dithmenos
  1813 | D:4      | Noticed a phantom
  1823 | D:4      | Mangled by an iguana

Illustrated notes

Levels and vault maps discovered:
D:1:      minmay_arrival_arboretum_small, layout_rooms
D:2:      layout_rooms, dilly_ecumenical_altar_fadedgnrine, serial_shops, shop,
          minmay_hexomino_f4, uniq_jessica
D:3:      layout_basic
D:4:      layout_rooms, minitemple, serial_shops, shop, shop,
          kennysheep_mini_moat, shop, shop, minmay_ruined_shrine

Skill      XL: |  1  2  3  4 |
---------------+-------------+-----
Maces & Flails | 2 3 |  3.4
Fighting       | 3 4 |  4.0
Armour         | |  3.6
Shields        | |  3.2

Action                     |  1- 3 |  4- 6 || total
---------------------------+-------+-------++-------
  Melee: Flail             |    87 |    56 ||   143
         Tailslap          |     4 |     3 ||     7
    Use: Scroll            |       |     7 ||     7
 Armour: Scale mail        |    58 |    45 ||   103
  Dodge: Dodged            |    34 |    25 ||    59
  Block: Buckler           |    21 |     9 ||    30
         Tower shield      |       |    12 ||    12

Table legend: (Time is in decaauts)
 A = Elapsed time spent in this place.
 B = Non-inter-level travel time spent in this place.
 C = Inter-level travel time spent in this place.
 D = Time resting spent in this place.
 E = Time spent auto-exploring this place.
 F = Levels seen in this place.
 G = Mean time per level.
                   A        B        C        D        E       F      G
               +--------+--------+--------+--------+--------+-----+--------+
         Total |   1865 |   1795 |     70 |      0 |   1408 |   4 |  466.2 |
       Dungeon |   1865 |   1795 |     70 |      0 |   1408 |   4 |  466.2 |
               +--------+--------+--------+--------+--------+-----+--------+

Top non-repeatable levels by time:
     D:3: 810 daAuts
     D:2: 632 daAuts
     D:1: 370 daAuts
     D:4: 51 daAuts
